 Dungeon Crawl Stone Soup version 0.30.0-29-ga12c61a403 (webtiles) character file.

Game seed: 2921466686783014003

73 Elmgren the Trooper (level 4, -3/41 HPs)
             Began as a Minotaur Berserker on June 24, 2023.
             Was a Believer of Trog.
             Slain by an iguana (13 damage)
             ... on level 3 of the Dungeon.
             The game lasted 00:02:32 (2695 turns).

Elmgren the Trooper (Minotaur Berserker)            Turns: 2695, Time: 00:02:32

Health: -3/41      AC:  3    Str: 24    XL:     4   Next: 8%
Magic:  3/3        EV: 12    Int:  4    God:    Trog [**....]
Gold:   73         SH:  0    Dex:  9    Spells: 3/3 levels left

rFire   . . .        a - +0 hand axe
rCold   . . .        (no shield)
rNeg    . . .        b - +1 animal skin
rPois   .            (helmet restricted)
rElec   .            (no cloak)
rCorr   .            (no gloves)
SInv    .            (no boots)
Will    .....        (no amulet)
Stlth   +            (no ring)
HPRegen 0.26/turn    (no ring)
MPRegen 0.08/turn

%: no passive effects
@: lethally poisoned (-3 -> -5)
A: horns 2, retaliatory headbutt
a: Renounce Religion, Berserk, Trog's Hand


You were on level 3 of the Dungeon.
You worshipped Trog.
Trog was pleased with you.
You visited 1 branch of the dungeon, and saw 3 of its levels.

You collected 73 gold pieces.

Inventory:

Hand Weapons
 a - a +0 hand axe (weapon)
Armour
 b - a +1 animal skin (worn)
Jewellery
 c - a +6 ring of dexterity
 e - a ring of willpower
Scrolls
 d - 4 scrolls of identify
 h - a scroll of noise {unknown}
 i - a scroll of teleportation
Potions
 f - a potion of heal wounds {unknown}
 g - a potion of cancellation
 l - 2 potions of curing {unknown}
 m - a potion of berserk rage {unknown}


   Skills:
 + Level 4.3 Fighting
 + Level 4.3 Axes
 + Level 3.3 Armour
 + Level 3.0 Dodging


You had 3 spell levels left.
You didn't know any spells.
Your spell library was empty.

Dungeon Overview and Level Annotations

Branches:
Dungeon (3/15) Zot: 15294

Altars:


Innate Abilities, Weirdness & Mutations

You have a pair of horns on your head.
You reflexively headbutt those who attack you in melee.


Message History

You closely miss the goblin. The goblin barely misses you.
You furiously retaliate!
You headbutt the goblin!
You kill the goblin!
Trog accepts your kill.
h - a scroll labelled HETUCK GATSOT No target in view!
An adder comes into view.
The adder hisses angrily.
You hear an angry hiss.
An iguana comes into view.
The adder misses you. You furiously retaliate!
You headbutt the adder, but do no damage.
You hit the adder. The adder completely misses you.
There are monsters nearby!
You hit the adder. The adder bites you.
There are monsters nearby!
You take 2 damage, and have 39/41 hp.
You hit the adder but do no damage. You barely miss the iguana.
The adder bites you but does no damage. The iguana bites you!
The adder barely misses you. You furiously retaliate!
You headbutt the adder.
You take 9 damage, and have 30/41 hp.
MASSIVE DAMAGE!!
You closely miss the adder. You hit the iguana but do no damage.
The iguana barely misses you. The adder bites you.
You are poisoned.
The adder poisons you! The iguana bites you.
You take 3 damage, and have 27/41 hp.
You closely miss the adder. You hit the iguana but do no damage.
You feel sick. The adder bites you. The adder bites you but does no damage.
The iguana closely misses you. You furiously retaliate!
You headbutt the iguana!
You take 2 damage, and have 25/41 hp.
You barely miss the adder. Your headbutt misses the adder.
You hit the iguana but do no damage.
You feel sick. The adder barely misses you. The iguana bites you!
* * * LOW HITPOINT WARNING * * *
You take 13 damage, and have 12/41 hp.
MASSIVE DAMAGE!!
You hit the adder.
You kill the adder!
Trog accepts your kill.
You hit the iguana but do no damage.
You feel sick. The iguana bites you!
You die...

##.##.#...####.##.#
...##...)..# #.##.#
......#...####.##.#
########>......##.#
#.########.#########
#.# #####.........#
#+# #.........###.#
#.###.......#.#
#?@.#...#...# #
#..l†#######..# ####
....###.. ..# ...+
... ..## ..# #### .
##.. ...# # ##. ..#
. ..


You could see an iguana.

Vanquished Creatures
  3 adders
  A worm (D:2)
  A dart slug (D:1)
  4 ball pythons (D:1)
  5 bats
  4 endoplasms
  3 giant cockroaches
  2 hobgoblins
  3 kobolds
  2 quokkas (D:2)
  9 frilled lizards
  7 goblins
  5 rats
49 creatures vanquished.

Notes
Turn   | Place    | Note
-------+----------+-------------------------------------------
     0 | D:1      | Elmgren the Minotaur Berserker began the quest for the Orb.
     0 | D:1      | Reached XP level 1. HP: 19/19 MP: 0/0
     3 | D:1      | Noticed an electric eel
   210 | D:1      | Reached XP level 2. HP: 25/27 MP: 1/1
   866 | D:1      | Reached XP level 3. HP: 30/33 MP: 2/2
  1733 | D:2      | Reached ** piety under Trog
  1897 | D:2      | Reached XP level 4. HP: 40/41 MP: 3/3
  2695 | D:3      | Slain by an iguana

Illustrated notes

Levels and vault maps discovered:
D:1:      arrival_aquarium_b, layout_loops_ring, roderic_serpentine_path
D:2:      layout_loops_ring, minmay_lizard_pond
D:3:      layout_loops_corners, minmay_between, uniq_grinder,
          uniq_crazy_yiuf_cottage

Skill      XL: |  1  2  3 |
---------------+----------+-----
Axes           | 4 |  4.3
Fighting       | 4 |  4.3
Armour         | 3 |  3.3
Dodging        | 3 |  3.0

Action                     |  1- 3 |  4- 6 || total
---------------------------+-------+-------++-------
  Melee: Hand axe          |    91 |    16 ||   107
         Headbutt          |     6 |     1 ||     7
         Punch             |     1 |       ||     1
    Use: Scroll            |     3 |     5 ||     8
   Stab: Sleeping          |     2 |       ||     2
 Armour: Animal skin       |    15 |     4 ||    19
  Dodge: Dodged            |    62 |    11 ||    73
